 Dungeon Crawl Stone Soup version 0.29.1-12-g30fa7ad0bf (webtiles) character file.

Game seed: 14935289995136850209

1829 soggyman666 the Thaumaturge (level 9, -8/56 HPs)
             Began as a Djinni Fire Elementalist on Dec 14, 2022.
             Mangled by an unseen horror (9 damage)
             ... on level 6 of the Dungeon.
             The game lasted 00:24:29 (8328 turns).

soggyman666 the Thaumaturge (DjFE)                  Turns: 8328, Time: 00:24:29

Health: -8/56      AC:  4    Str:  7    XL:     9   Next: 32%
Gold:   264        EV: 14    Int: 21    God:
                   SH:  0    Dex: 20

rFire   + + .      SeeInvis .   s - +2 dagger (venom)
rCold   x . .      Faith    .   (no shield)
rNeg    . . .      Spirit   .   a - +1 robe
rPois   ∞          Reflect  .   p - +0 helmet
rElec   .          Harm     .   (no cloak)
rCorr   .          Rampage  .   (no gloves)
Will    .....                   (boots unavailable)
Stlth   +++.......              (no amulet)
HPRegen 0.18/turn               w - +6 ring of dexterity
MPRegen 0.00/turn               (no ring)

@: flying
A: sickness immunity, fire resistance 2, cold vulnerability 1, float, innate
caster, HP casting, extra vitality 1
a: no special abilities


You were on level 6 of the Dungeon.
You visited 1 branch of the dungeon, and saw 6 of its levels.

You collected 264 gold pieces.

Inventory:

Hand Weapons
 s - a +2 dagger of venom (weapon)
 t - a +0 whip
Missiles
 n - 2 throwing nets
Armour
 a - a +1 robe (worn)
 p - a +0 helmet (worn)
Jewellery
 h - an amulet of faith
 w - a +6 ring of dexterity (left hand)
Wands
 c - a wand of quicksilver (9)
 j - a wand of paralysis (9)
 o - a wand of flame (6)
Scrolls
 i - 9 scrolls of teleportation
 l - a scroll of enchant weapon {unknown}
 m - a scroll of magic mapping
 u - a scroll of enchant armour
 v - a scroll of poison {unknown}
Potions
 b - 5 potions of curing
 d - 2 potions of heal wounds
 e - a potion of resistance {unknown}
 f - a potion of haste {unknown}
 g - 2 potions of lignification {unknown}
 k - a potion of invisibility {unknown}
 q - a potion of mutation {unknown}
 r - a potion of flight {unknown}


   Skills:
 + Level 0.6 Fighting
 + Level 3.5 Dodging
 + Level 3.1 Stealth
 + Level 8.6 Spellcasting


You had 4 spell levels left.
You knew the following spells:

 Your Spells              Type           Power      Damage    Failure   Level
a - Foxfire               Conj/Fire      100%       2x1d9     1%          1
b - Scorch                Fire           90%        2d10      1%          2
c - Conjure Flame         Conj/Fire      45%        6-21      1%          3
d - Inner Flame           Hex/Fire       45%        N/A       1%          3
e - Flame Wave            Conj/Fire      45%        2d12      1%          4
f - Slow                  Hex            100%       N/A       1%          1
g - Call Imp              Summ           45%        N/A       1%          2
h - Static Discharge      Conj/Air       45%        3-9/arc   1%          2
i - Call Canine Familiar  Summ           45%        N/A       1%          3
Your spell library was empty.

Dungeon Overview and Level Annotations

Branches:
Dungeon (6/15)
 Temple: D:4-7

Altars:

Shops:
D:4 (   D:5 =


Innate Abilities, Weirdness & Mutations

You are immune to sickness and miasma.
You are immune to poison.
Your flesh is very heat resistant. (rF++)
You are vulnerable to cold. (rC-)
You float through the air rather than walking.
You learn spells naturally, not from books.
Your magical power is your life essence.
You have superior vitality. (+4 MHP)


Message History

Casting: Foxfire (safe; 1% risk of failure)
Confirm with . or Enter, or press ? or * to list all spells.
You can't see any susceptible monsters within range! (Use Z to cast anyway.)
Casting: Foxfire (safe; 1% risk of failure)
Confirm with . or Enter, or press ? or * to list all spells.
You can't see any susceptible monsters within range! (Use Z to cast anyway.)
Casting: Foxfire (safe; 1% risk of failure)
Confirm with . or Enter, or press ? or * to list all spells.
You conjure some foxfire!
The foxfire hits something but does no damage.
Something hits you.
The foxfire hits something.
Something hits you.
* * * LOW HITPOINT WARNING * * *
Casting: Foxfire (safe; 1% risk of failure)
Confirm with . or Enter, or press ? or * to list all spells.
You can't see any susceptible monsters within range! (Use Z to cast anyway.)
Casting: Foxfire (safe; 1% risk of failure)
Confirm with . or Enter, or press ? or * to list all spells.
Okay, then.
Casting: Foxfire (safe; 1% risk of failure)
Confirm with . or Enter, or press ? or * to list all spells.
You can't see any susceptible monsters within range! (Use Z to cast anyway.)
Casting: Foxfire (safe; 1% risk of failure)
Confirm with . or Enter, or press ? or * to list all spells.
Okay, then.
Casting: Foxfire (safe; 1% risk of failure)
Confirm with . or Enter, or press ? or * to list all spells.
Okay, then.
Casting: Foxfire (safe; 1% risk of failure)
Confirm with . or Enter, or press ? or * to list all spells.
Casting: Flame Wave (dangerous; 1% risk of failure)
Press: ? - help, Dir - look around, f - activate A wave of flame ripples out! (Press . to intensify the flame waves.)
* * * LOW HITPOINT WARNING * * *
Something hits you!
* * * LOW HITPOINT WARNING * * *
Without enough magic to sustain them, the waves of flame dissipate.
Something hits you!
You die...

#...#.# ###.#
####....##.
#.....###. ..#
##.####.
##........ ... #.
## #..^....<.....#
.. # #...........#
#. .........#..#
#. # .......##
..## . ####
.........##...#..
#...
#.....#..@.......>
....
#.....###.........
.... #.....
##......... ....
#.....##...##.....
....
..##........###
.... ....
............## #..
....
......##......# .
....
..........#....#
...
.............##.##
..


There were no monsters in sight!

Vanquished Creatures
  Menkaure (D:4)
  An ice beast (D:6)
  2 ogres
  A black bear (D:5)
  2 phantoms
  A kobold brigand (D:6)
  5 scorpions (D:4)
  2 necrophages (D:6)
  A hound (D:5)
  Crazy Yiuf (D:4)
  A gnoll bouda (D:5)
  2 orc priests
  2 jellies (D:5)
  6 orc wizards
  3 iguanas (D:5)
  Ijyb (D:4)
  14 adders
  3 gnolls (D:5)
  A shadow imp (D:5)
  A white imp (D:6)
  A worm (D:3)
  3 dart slugs
  19 orcs
  18 bats
  2 endoplasms
  2 giant cockroaches
  4 goblins
  3 hobgoblins
  3 jackals (D:3)
  3 quokkas
  5 ball pythons
  3 frilled lizards
  12 kobolds
  7 rats
136 creatures vanquished.

Vanquished Creatures (collateral kills)
  An orc (D:5)
  A kobold (D:6)
  12 foxfires (D:2)
14 creatures vanquished.

Vanquished Creatures (others)
  429 foxfires
  16 fungi (D:4)
  8 plants
453 creatures vanquished.

Grand Total: 603 creatures vanquished

Notes
Turn   | Place    | Note
-------+----------+-------------------------------------------
     0 | D:1      | soggyman666 the Djinni Fire Elementalist began the quest
                  | for the Orb.
     0 | D:1      | soggyman666 set off with the following spells memorised:
                  | Foxfire, Scorch, Conjure Flame, Inner Flame, Flame Wave.
     0 | D:1      | Reached XP level 1. HP: 15/15 MP: 0/0
   410 | D:1      | Reached XP level 2. HP: 18/21 MP: 0/0
   582 | D:1      | Reached skill level 3 in Spellcasting
   786 | D:1      | Reached XP level 3. HP: 21/25 MP: 0/0
   786 | D:1      | Learned a level 1 spell: Slow
  1481 | D:2      | Reached XP level 4. HP: 27/31 MP: 0/0
  2054 | D:2      | Found a faded altar of an unknown god.
  2720 | D:3      | Reached XP level 5. HP: 29/35 MP: 0/0
  2720 | D:3      | Learned a level 2 spell: Call Imp
  2801 | D:3      | Reached skill level 4 in Spellcasting
  3593 | D:3      | Reached XP level 6. HP: 35/40 MP: 0/0
  4217 | D:4      | Reached skill level 5 in Spellcasting
  4284 | D:4      | Found Uppuoxua's Weapon Emporium.
  4366 | D:4      | Noticed an ogre
  4374 | D:4      | Killed an ogre
  4375 | D:4      | Reached XP level 7. HP: 39/45 MP: 0/0
  4375 | D:4      | Learned a level 2 spell: Static Discharge
  4476 | D:4      | Noticed Ijyb
  4477 | D:4      | Noticed Menkaure
  4478 | D:4      | Killed Ijyb
  4484 | D:4      | Killed Menkaure
  4658 | D:4      | Reached skill level 6 in Spellcasting
  5022 | D:4      | Reached XP level 8. HP: 34/50 MP: 0/0
  5482 | D:4      | Found the +7 Singing Sword {vorpal, sonic wave}
  5884 | D:4      | Found a runed translucent door.
  5889 | D:4      | Noticed Crazy Yiuf
  5899 | D:4      | Killed Crazy Yiuf
  6379 | D:5      | Entered Level 5 of the Dungeon
  6379 | D:5      | Found Nyicet's Jewellery Shop.
  6469 | D:5      | Reached skill level 7 in Spellcasting
  7280 | D:5      | Reached XP level 9. HP: 44/56 MP: 0/0
  7280 | D:5      | Learned a level 3 spell: Call Canine Familiar
  7584 | D:5      | Reached skill level 8 in Spellcasting
  8146 | D:6      | Identified the +6 spear of the Revolution {vorpal, rN++}
  8327 | D:6      | HP: 1/56 [something (9)]
  8328 | D:6      | Mangled by an unseen horror

Illustrated notes

Levels and vault maps discovered:
D:1:      dpeg_arrival_arbitrary_c, layout_basic
D:2:      layout_basic, serial_forest, infiniplex_forest_straight_2,
          infiniplex_forest_clump_long, infiniplex_forest_corner_1,
          infiniplex_forest_clump_small, infiniplex_forest_clump_diagonal,
          shapermc_ecumenical_altar_acropolis
D:3:      layout_basic, serial_bayou_crossing
D:4:      old_forge, layout_loops_corners, serial_rivers,
          chequers_serial_rivers_large_a, chequers_serial_rivers_marsh,
          chequers_serial_rivers_small_3, chequers_serial_rivers_micro_d,
          chequers_serial_rivers_small_b, chequers_serial_rivers_micro_b,
          serial_shops, nicolae_take_the_stairs, uniq_menkaure, uniq_ijyb,
          uniq_crazy_yiuf_cottage
D:5:      layout_rooms, serial_shops, shop
D:6:      layout_cave_pools

Skill      XL: |  1  2  3  4  5  6  7  8  9 |
---------------+----------------------------+-----
Spellcasting   | 3 4 5 6 7 8 |  8.6
Stealth        | 2 3 |  3.1
Dodging        | 3 |  3.5
Fighting       | |  0.6

Action                   |  1- 3 |  4- 6 |  7- 9 || total
-------------------------+-------+-------+-------++-------
Melee: Dagger            |       |       |     1 ||     1
 Cast: Foxfire           |    37 |    94 |   134 ||   265
       Scorch            |    12 |    17 |    47 ||    76
       Slow              |       |     1 |       ||     1
       Static Discharge  |       |       |     8 ||     8
       Conjure Flame     |       |       |     2 ||     2
       Inner Flame       |       |       |     1 ||     1
       Call Canine Famil |       |       |     2 ||     2
       Flame Wave        |       |       |     1 ||     1
  Use: Scroll            |       |     5 |     7 ||    12
       Potion            |       |       |     1 ||     1
Armor: Robe              |     1 |       |     7 ||     8
Dodge: Dodged            |     8 |     5 |    21 ||    34
